 Dungeon Crawl Stone Soup version 0.27-a0-1184-ge86db4a01e (webtiles) character file.

Game seed: 16707689701169293707

10631 polve the Agent of Entropy (level 11, 0/90 HPs)
             Began as a Demonspawn Abyssal Knight on May 18, 2021.
             Was a Priest of Lugonu.
             Engulfed by a steam dragon's steam (8 damage)
             ... on level 10 of the Dungeon on May 20, 2021.
             The game lasted 00:18:50 (8282 turns).

polve the Agent of Entropy (DsAK)                   Turns: 8282, Time: 00:18:51

Health: 0/90       AC: 15    Str: 15    XL:     11   Next: 38%
Magic:  18/18      EV:  9    Int: 14    God:    Lugonu [***...]
Gold:   1498       SH:  0    Dex: 13    Spells: 7/10 levels left

rFire    . . .     SeeInvis .   b - +2 dagger (venom)
rCold    + + .     Faith    .   (no shield)
rNeg     . . .     Spirit   .   K - +0 storm dragon scales
rPois    .         Reflect  .   D - +2 hat
rElec    +         Harm     .   (no cloak)
rCorr    +         Rampage  .   (no gloves)
Will     .....                  (no boots)
Stlth    ..........             g - amulet of regeneration
HPRegen  1.25/turn              s - ring of Foolhardiness {rC++ rCorr}
MPRegen  0.16/turn              u - ring of wizardry

@: lethally poisoned (0 -> -1)
A: talons 2, powered by death 2, powered by pain 1, sturdy frame 1
a: Renounce Religion, Depart the Abyss, Bend Space, Banish


You were on level 10 of the Dungeon.
You worshipped Lugonu.
Lugonu was most pleased with you.
You visited 1 branch of the dungeon, and saw 10 of its levels.
You visited the Abyss 7 times.

You collected 1598 gold pieces.
You spent 100 gold pieces at shops.

Inventory:

Hand Weapons
 a - a +5 quick blade
 b - a +2 dagger of venom (weapon)
Missiles
 w - a throwing net
Armour
 D - a +2 hat (worn)
 K - +0 storm dragon scales (worn)
Jewellery
 g - an amulet of regeneration (around neck)
 s - the ring of Foolhardiness (left hand) {rC++ rCorr}
   (You bought it in a shop on level 5 of the Dungeon)

   [ring of resist corrosion]

   It greatly protects you from cold.
   It protects you from acid and corrosion.
 u - a ring of wizardry (right hand)
 A - a ring of flight
Wands
 m - a wand of paralysis (6)
 p - a wand of iceblast (10)
 v - a wand of digging (4)
 B - a wand of polymorph (9)
Scrolls
 c - 2 scrolls of identify
 d - a scroll of enchant weapon {unknown}
 e - 7 scrolls of teleportation
 i - a scroll of vulnerability
 q - a scroll of magic mapping {unknown}
 r - a scroll of torment
 z - a scroll of summoning {unknown}
 C - a scroll of holy word {unknown}
 E - a scroll of fog {unknown}
 I - 2 scrolls of blinking {unknown}
 J - a scroll of amnesia {unknown}
Potions
 f - a potion of brilliance
 h - 2 potions of might
 j - 2 potions of haste
 k - a potion of resistance
 l - 2 potions of heal wounds
 n - a potion of flight
 o - 2 potions of invisibility
 t - 3 potions of curing
 x - a potion of lignification
 F - 2 potions of ambrosia {unknown}


   Skills:
 - Level 10.0 Fighting
 - Level 8.0 Short Blades
 - Level 8.0 Armour
 - Level 4.0 Dodging
 - Level 10.0 Invocations
 + Level 4.6 Evocations


You had 7 spell levels left.
You knew the following spells:

 Your Spells              Type           Power      Damage    Failure   Level
a - Swiftness             Air            0%         N/A       91%         3

Your spell library contained the following spells:

 Spells                   Type           Power      Damage    Failure   Level
 Beastly Appendage        Tmut           0%         N/A       61%         1
 Shock                    Conj/Air       0%         1d3       61%         1
 Sting                    Tmut/Pois      0%         1d3       61%         1
 Passwall                 Tmut/Erth      0%         N/A       75%         2
 Static Discharge         Conj/Air       0%         N/A       75%         2
 Gell's Gravitas          Tloc           0%         N/A       91%         3
 Airstrike                Air            0%         N/A       100%        4
 Cause Fear               Hex            0%         N/A       100%        4
 Alistair's Intoxication  Tmut/Pois      0%         N/A       100%        5
 Irradiate                Conj/Tmut      0%         3d13      100%        5
 Lightning Bolt           Conj/Air       0%         1d11      100%        5
 Silence                  Hex/Air        0%         N/A       100%        5
 Yara's Violent Unravell  Hex/Tmut       0%         3d3       100%        5
 Blade Hands              Tmut           0%         N/A       100%        6
 Statue Form              Tmut/Erth      0%         N/A       100%        6
 Dragon Form              Tmut           0%         N/A       100%        7
 Discord                  Hex            0%         N/A       100%        8
 Disjunction              Tloc           0%         N/A       100%        8


Dungeon Overview and Level Annotations

Branches:
Dungeon (10/15)            Temple (0/1) D:4            Lair (0/6) D:8
    Orc: D:9-12

Altars:
Ashenzari
Gozag
Hepliaklqana
Kikubaaqudgha
Nemelex Xobeh
Yredelemnul
Zin

Shops:
D:5 *[*:   D:6 =   D:9 ?

Annotations:
D:4 3 runed translucent doors, jordank93's ghost, amateur HOFi


Innate Abilities, Weirdness & Mutations

You have razor-sharp toenails.
You regenerate health from kills.
You sometimes gain a little power by taking damage.
Your movements are slightly less encumbered by armour. (ER -2)


Message History

Your kick misses the cyan ugly thing.
The cyan ugly thing is moderately wounded.
You feel sick. The cyan ugly thing punches you. The cyan ugly thing shocks you.
You resist.
You hit the cyan ugly thing.
The cyan ugly thing looks as sick as possible!
You claw the cyan ugly thing.
The cyan ugly thing is moderately wounded.
You feel sick. The cyan ugly thing punches you! The cyan ugly thing shocks you.
You resist.
* * * LOW HITPOINT WARNING * * *
You closely miss the cyan ugly thing. Your kick misses the cyan ugly thing.
The cyan ugly thing is moderately wounded.
You hit the cyan ugly thing but do no damage.
The cyan ugly thing looks as sick as possible!
Your kick misses the cyan ugly thing.
The cyan ugly thing is moderately wounded.
You feel sick.
You are no longer poisoned.
The cyan ugly thing punches you.
* * * LOW HITPOINT WARNING * * *
The cyan ugly thing shocks you. You resist.
* * * LOW HITPOINT WARNING * * *
A centaur warrior zombie comes into view.
The killer bee stings you but does no damage.
The cyan ugly thing punches you.
* * * LOW HITPOINT WARNING * * *
The cyan ugly thing shocks you. You resist.
* * * LOW HITPOINT WARNING * * *
You hit the killer bee.
The killer bee is heavily wounded.
The killer bee stings you.
* * * LOW HITPOINT WARNING * * *
You are poisoned.
The killer bee poisons you! The steam dragon breathes steam at you.
The ball of steam hits you!
* * * LOW HITPOINT WARNING * * *
You are engulfed in a cloud of scalding steam.
You die...

####Z....#............. #
##...#...............##.
#..##..###y...............#.
#.....h###D.................
#...##...#........$...#.....
.....#...h.§§.........###....
..........u§§................
........Z.y§.................
...........§@................
.........§§.......... ....
.........§§§......... ..
..................#..
.......##.......## ......
.#......# ..... .#.......# .
...........


You could see a cyan ugly thing (very poisoned), a killer bee and a centaur
warrior zombie.

Vanquished Creatures
  Erolcha (D:9)
  Erica (D:9)
  2 two-headed ogres (D:9)
  Pikel (D:7)
  A deep elf pyromancer (D:9)
  A cyclops (D:6)
  3 trolls
  A hornet (D:7)
  Grinder (D:3)
  Prince Ribbit (D:9)
  A spriggan (D:8)
  Sigmund (D:3)
  Eustachio (D:6)
  7 yaks
  Grum (D:8)
  A water moccasin (D:7)
  An orc warrior (D:6)
  An ice beast (D:4)
  2 sky beasts (D:5)
  2 necrophages
  2 ogres (D:5)
  3 wolves (D:8)
  2 lemures
  A kobold brigand (D:9)
  A gnoll sergeant (D:6)
  A wyvern zombie (D:7)
  3 scorpions
  A small abomination (Abyss:3)
  7 killer bees
  10 wights
  4 jellies
  A howler monkey (D:8)
  7 hounds
  5 centaur zombies
  5 orc priests
  A gnoll shaman (D:6)
  2 centaur skeletons
  A bullfrog skeleton (D:5)
  Jessica (D:3)
  3 iguanas (D:6)
  Ijyb (D:3)
  Terence (D:1)
  5 orc wizards
  A killer bee zombie (D:8)
  2 howler monkey zombies (D:6)
  Robin (D:4)
  5 adders
  17 gnolls
  3 shadow imps
  A white imp (D:4)
  A worm (D:3)
  An adder skeleton (D:4)
  4 dart slugs
  16 orcs
  5 endoplasms
  6 giant cockroaches
  16 goblins
  5 hobgoblins
  8 jackals
  12 kobolds
  2 quokkas (D:4)
  6 ball pythons
  6 bats
  A frilled lizard (D:3)
  5 rats
223 creatures vanquished.

Vanquished Creatures (others)
  An orc wizard (D:9)
1 creature vanquished.

Grand Total: 224 creatures vanquished

Notes
Turn   | Place    | Note
-------+----------+-------------------------------------------
     0 | Abyss:1  | polve the Demonspawn Abyssal Knight began the quest for the
                  | Orb.
     0 | Abyss:1  | Reached XP level 1. HP: 18/18 MP: 2/2
     1 | Abyss:1  | Found a corrupted altar of Lugonu.
    41 | Abyss:1  | Noticed an ancient zyme
    64 | Abyss:1  | Noticed a raiju
    67 | D:1      | Escaped the Abyss
   412 | D:1      | Gained mutation: You have sharp toenails. [demonic
                  | ancestry]
   412 | D:1      | Reached XP level 2. HP: 23/24 MP: 3/3
   452 | D:1      | Reached * piety under Lugonu
   999 | D:2      | Noticed Terence
  1017 | D:1      | Killed Terence
  1018 | D:1      | Reached XP level 3. HP: 9/29 MP: 4/4
  1320 | D:2      | Gained mutation: You regenerate a little health from kills.
                  | [demonic ancestry]
  1320 | D:2      | Reached XP level 4. HP: 35/35 MP: 5/5
  1324 | D:2      | Learned a level 3 spell: Swiftness
  1685 | D:3      | Found an ancient bone altar of Kikubaaqudgha.
  1685 | D:3      | Noticed Jessica
  1685 | D:3      | Noticed Grinder
  1692 | D:3      | Killed Jessica
  1732 | D:3      | Paralysed by Grinder for 3 turns
  1786 | D:3      | Killed Grinder
  1787 | D:3      | Gained mutation: You regenerate health from kills. [demonic
                  | ancestry]
  1787 | D:3      | Reached XP level 5. HP: 41/41 MP: 6/6
  1787 | D:3      | Gained mutation: You sometimes gain a little power by
                  | taking damage. [demonic ancestry]
  1787 | D:3      | Reached XP level 6. HP: 47/47 MP: 7/7
  1863 | D:3      | Noticed Sigmund
  1948 | D:3      | Killed Sigmund
  2155 | D:3      | Reached ** piety under Lugonu
  2290 | D:3      | Noticed Ijyb
  2292 | D:3      | Paralysed by Ijyb for 3 turns
  2301 | D:3      | Paralysed by Ijyb for 3 turns
  2304 | D:3      | Killed Ijyb
  2305 | D:3      | Reached XP level 7. HP: 52/52 MP: 8/8
  2581 | D:3      | Found an opulent altar of Gozag.
  2583 | D:3      | Found a sparkling altar of Nemelex Xobeh.
  2711 | D:4      | Found a staircase to the Ecumenical Temple.
  2748 | D:4      | Noticed Robin
  2776 | D:4      | Killed Robin
  2805 | D:4      | Reached *** piety under Lugonu
  2851 | D:4      | Reached skill level 5 in Fighting
  3181 | D:4      | Found an opulent altar of Gozag.
  3182 | D:4      | Found a runed translucent gate.
  3182 | D:4      | Found a runed translucent gate.
  3182 | D:4      | Found a runed translucent gate.
  3182 | D:4      | Noticed jordank93's ghost (amateur HOFi)
  3454 | D:5      | Entered Level 5 of the Dungeon
  3498 | D:5      | Gained mutation: You have razor-sharp toenails. [demonic
                  | ancestry]
  3498 | D:5      | Reached XP level 8. HP: 43/64 MP: 9/11
  3548 | D:5      | Found Ecum's Assorted Antiques.
  3567 | D:5      | Bought a pitted silver ring for 100 gold pieces
  3567 | D:5      | Identified the ring of Foolhardiness {rC++ rCorr} (You
                  | bought it in a shop on level 5 of the Dungeon)
  3662 | D:5      | Reached skill level 5 in Invocations
  3698 | D:5      | Found Wunuwy's Armour Boutique.
  3781 | D:5      | Found Axku's Assorted Antiques.
  4107 | D:5      | Found Simmep's Book Shoppe.
  4568 | D:6      | Reached **** piety under Lugonu
  4569 | D:6      | Reached skill level 10 in Invocations
  4569 | D:6      | Reached XP level 9. HP: 65/69 MP: 14/16
  4677 | D:6      | Reached skill level 5 in Short Blades
  4730 | D:6      | Noticed a cyclops
  4771 | D:6      | Killed a cyclops
  5043 | D:6      | Noticed Eustachio
  5074 | D:6      | Killed Eustachio
  5203 | D:6      | Found Ximin's Jewellery Boutique.
  5586 | D:7      | Paralysed by a hornet for 1 turns
  5589 | D:7      | Reached skill level 5 in Armour
  5729 | D:7      | Reached ***** piety under Lugonu
  5909 | D:7      | Found a broken altar of Ashenzari.
  5944 | D:8      | Noticed Pikel
  6005 | D:7      | Killed Pikel
  6006 | D:7      | Reached XP level 10. HP: 74/76 MP: 17/17
  6093 | D:8      | Noticed Grum
  6128 | D:8      | Killed Grum
  6378 | D:8      | Identified 2 scrolls of acquirement
  6382 | D:8      | Acquired a +5 quick blade
  6383 | D:8      | Acquired 832 gold pieces
  6486 | D:8      | Found a staircase to the Lair.
  6738 | D:9      | Noticed a two-headed ogre
  6837 | D:9      | Killed a two-headed ogre
  6899 | D:9      | Noticed Erolcha
  6964 | D:9      | Cast into level 1 of the Abyss (Erolcha)
  7038 | Abyss:1  | Noticed a thrashing horror
  7039 | D:9      | Escaped the Abyss
  7061 | D:9      | Cast into level 2 of the Abyss (Erolcha)
  7076 | D:9      | Escaped the Abyss
  7112 | D:9      | Cast into level 2 of the Abyss (Erolcha)
  7218 | Abyss:3  | Found a corrupted altar of Lugonu.
  7234 | D:9      | Escaped the Abyss
  7262 | D:9      | Cast into level 2 of the Abyss (Erolcha)
  7315 | Abyss:2  | Noticed a death drake
  7316 | D:9      | Escaped the Abyss
  7343 | D:9      | Cast into level 1 of the Abyss (Erolcha)
  7344 | Abyss:1  | Noticed a hellephant
  7344 | D:9      | Escaped the Abyss
  7409 | D:9      | Cast into level 1 of the Abyss (Erolcha)
  7410 | D:9      | Escaped the Abyss
  7415 | D:9      | Killed Erolcha
  7484 | D:9      | Noticed a two-headed ogre
  7493 | D:9      | Killed a two-headed ogre
  7494 | D:9      | Gained mutation: Your movements are slightly less
                  | encumbered by armour. (ER -2) [demonic ancestry]
  7494 | D:9      | Reached XP level 11. HP: 55/89 MP: 18/18
  7567 | D:9      | Noticed Prince Ribbit
  7578 | D:9      | Killed Prince Ribbit
  7580 | D:9      | Noticed Erica
  7599 | D:9      | Killed Erica
  7600 | D:9      | Reached skill level 10 in Fighting
  7600 | D:9      | Reached skill level 1 in Evocations
  7616 | D:9      | Noticed a deep elf pyromancer
  7677 | D:9      | Identified Sif Muna's Handbook of Mutagenic Translocation
  7683 | D:9      | Found Byannisi's Magic Scroll Shoppe.
  7877 | D:9      | Killed a deep elf pyromancer
  8042 | D:10     | Entered Level 10 of the Dungeon
  8096 | D:10     | Found a basalt altar of Yredelemnul.
  8096 | D:10     | Found a hazy altar of Hepliaklqana.
  8225 | D:10     | Noticed a cyan ugly thing
  8282 | D:10     | Engulfed by a steam dragon's steam

Illustrated notes

Levels and vault maps discovered:
D:1:      amcnicky_arrival_wind_blow, layout_basic
D:2:      layout_loops_ring, uniq_terence
D:3:      layout_loops_ring, grunt_temple_overflow_opulence,
          overflow_temple_1_default, amcnicky_altar_gilded,
          chequers_serial_rivers_micro_d, uniq_jessica, uniq_grinder,
          uniq_sigmund, uniq_ijyb
D:4:      layout_gridville, temple_doors_e, ebering_ghost_gozag,
          minmay_fractal_squares_5, uniq_robin
D:5:      layout_cave_pods, serial_shops, nicolae_shop_overgrown_old_shop,
          nicolae_shop_competitors_out_of_business, nicolae_shop_statue_plus,
          nicolae_shop_trees, minmay_checkerbox
D:6:      layout_loops_cross, serial_shops, nicolae_shop_behind_doors,
          uniq_eustachio
D:7:      layout_rooms, lemuel_round_altar
D:8:      layout_rooms, lair_entry_dummy, the_hattery, uniq_grum, uniq_pikel
D:9:      layout_rooms, serial_shops, shop, uniq_erica, uniq_erolcha,
          uniq_prince_ribbit1
D:10:     layout_cave_pools, gammafunk_temple_overflow_wave

Skill      XL: |  1  2  3  4  5  6  7  8  9 10 11 |
---------------+----------------------------------+-----
Short Blades   | 2 3 4 8 |  8.0
Armour         | 4 6 8 |  8.0
Dodging        | 2 4 |  4.0
Fighting       | 6 9 10 | 10.0
Invocations    | 4 10 | 10.0
Evocations     | 4 |  4.6

Action                   |  1- 3 |  4- 6 |  7- 9 | 10-12 || total
-------------------------+-------+-------+-------+-------++-------
Melee: Short sword       |    81 |   101 |    31 |       ||   213
       Kick              |    12 |    29 |   175 |   152 ||   368
       Dagger            |       |    35 |   513 |   287 ||   835
       Rapier            |       |       |    59 |    48 ||   107
       Quick blade       |       |       |       |   145 ||   145
Invok: Depart the Abyss  |     1 |       |       |     6 ||     7
       Bend Space        |       |       |     1 |     1 ||     2
Evoke: Wand              |       |     9 |       |     3 ||    12
  Use: Potion            |     1 |     1 |       |     4 ||     6
       Scroll            |       |       |       |    10 ||    10
Armor: Leather armour    |    16 |       |       |       ||    16
       Scale mail        |    11 |    63 |   245 |       ||   319
       Plate armour      |       |       |   119 |   122 ||   241
       Storm dragon scal |       |       |       |    65 ||    65
Dodge: Dodged            |    48 |    80 |   284 |   112 ||   524

Table legend: (Time is in decaauts)
 A = Elapsed time spent in this place.
 B = Non-inter-level travel time spent in this place.
 C = Inter-level travel time spent in this place.
 D = Time resting spent in this place.
 E = Time spent auto-exploring this place.
 F = Levels seen in this place.
 G = Mean time per level.
                   A        B        C        D        E       F      G
               +--------+--------+--------+--------+--------+-----+--------+
         Total |   7876 |   7598 |    278 |     57 |   5380 |  18 |  437.6 |
       Dungeon |   7548 |   7270 |    278 |     57 |   5173 |  10 |  754.8 |
         Abyss |    327 |    327 |      0 |      0 |    207 |   8 |   40.9 |
               +--------+--------+--------+--------+--------+-----+--------+

Top non-repeatable levels by time:
     D:5: 1041 daAuts
     D:1: 971 daAuts
     D:6: 902 daAuts
     D:3: 891 daAuts
     D:4: 800 daAuts
     D:9: 780 daAuts
     D:8: 780 daAuts
     D:2: 667 daAuts
     D:7: 491 daAuts
    D:10: 221 daAuts
 Abyss:1: 142 daAuts
 Abyss:3: 96 daAuts
 Abyss:2: 88 daAuts
